 Dungeon Crawl Stone Soup version 0.31.0-32-g396128a36d (webtiles) character file.

Game seed: 12416978739184309843

128 monsoonserge the Ducker (level 5, 0/36 HPs)
             Began as an Octopode Fighter on Mar 12, 2024.
             Slain by an iguana (6 damage)
             ... on level 4 of the Dungeon.
             The game lasted 00:05:52 (2460 turns).

monsoonserge the Ducker (Octopode Fighter)          Turns: 2460, Time: 00:05:53

Health: 0/36       AC:  1    Str: 17    XL:     5   Next: 11%
Magic:  5/5        EV: 13    Int: 10    God:
Gold:   179        SH:  4    Dex: 12    Spells: 4/4 levels left

rFire   . .          .
                       - Unarmed
rCold   . . .        a - +0 buckler
rNeg    . . .        (helmet restricted)
rPois   .            (no amulet)
rElec   .            (no ring)
rCorr   .            (no ring)
SInv    .            (no ring)
Will    .....        (no ring)
Stlth   +++          (no ring)
HPRegen 0.26/turn    (no ring)
MPRegen 0.09/turn    (no ring)
                     (no ring)

%: no passive effects
@: mighty
A: almost no armour, amphibious, 8 rings, camouflage 1, gelatinous body 1,
(nimble swimmer 1), tentacles
a: no special abilities


You were on level 4 of the Dungeon.
You visited 1 branch of the dungeon, and saw 4 of its levels.

You collected 179 gold pieces.

Inventory:

Missiles
 e - 19 poisoned darts (quivered)
 s - 9 boomerangs
Armour
 a - a +0 buckler (worn)
Magical Staves
 y - a staff of alchemy
Jewellery
 l - an amulet of faith
Talismans
 z - a maw talisman
Scrolls
 c - a scroll of silence {unknown}
 d - 5 scrolls of identify {unknown}
 f - 4 scrolls of poison {unknown}
 g - a scroll of revelation {unknown}
 m - a scroll of enchant armour {unknown}
 o - a scroll of amnesia {unknown}
 q - a scroll of enchant weapon {unknown}
 r - a scroll of immolation {unknown}
 u - a scroll of fog {unknown}
 x - a scroll of noise {unknown}
 A - 2 scrolls of blinking {unknown}
Potions
 b - a potion of might
 h - a potion of degeneration {unknown}
 i - a potion of brilliance {unknown}
 j - a potion of attraction {unknown}
 k - 2 potions of enlightenment {unknown}
 n - 2 potions of curing {unknown}
 p - a potion of mutation {unknown}
 t - 2 potions of magic {unknown}
 v - a potion of experience {unknown}
 w - a potion of cancellation {unknown}


   Skills:
 + Level 3.3 Fighting
 + Level 3.7 Dodging
 + Level 1.7 Stealth
 + Level 3.4 Shields
 + Level 3.6 Unarmed Combat


You had 4 spell levels left.
You didn't know any spells.
Your spell library contained the following spells:

 Spells                   Type           Power      Damage    Failure   Level
 Dazzling Flash           Conj/Hex       0%         N/A       82%         3
 Volatile Blastmotes      Fire/Tloc      0%         2d10      82%         3
 Starburst                Conj/Fire      0%         6d3       100%        6
 Maxwell's Capacitive Co  Air            0%         ∞         100%        8


Dungeon Overview and Level Annotations

Branches:
Dungeon (4/15)
 Temple: D:4-7

Altars:

Shops:
D:2 [   D:4 =

Annotations:
D:3 2 runed translucent doors, tymior's ghost, amateur KoEn


Innate Abilities, Weirdness & Mutations

You cannot wear most types of armour.
You are amphibious.
You can wear up to eight rings at the same time.
Your skin changes colour to match your surroundings (Stealth+).
Your rubbery body absorbs attacks. (AC +1, EV +1)
((You are camouflaged when in or above water. (Stealth+)))
You have tentacles for arms and can constrict up to eight enemies at once.


Message History

There is a shaft here.
You open the door.
Found 4 stones.
There is an open door here.
You pick up a book of Spectacle and begin reading...
You add the spells Volatile Blastmotes, Dazzling Flash, Starburst and Maxwell's Capacitive Coupling to your library.
Okay, then.
You open the door.
There is an open door here.
You now have 179 gold pieces (gained 8).
An iguana comes into view.
An ogre comes into view. It is wielding a +0 giant club.
The iguana hisses angrily.
The ogre shouts!
There is an open door here.
The iguana barely misses you.
You tentacle-slap the iguana. You grab the iguana.
The iguana is lightly wounded.
You constrict the iguana. The iguana barely misses you.
You tentacle-slap the iguana.
The iguana is moderately wounded.
You constrict the iguana, but do no damage.
You block the iguana's attack.
You feel very mighty all of a sudden.
You constrict the iguana.
The ogre hits you with a +0 giant club!!
Ouch! That really hurt!
* * * LOW HITPOINT WARNING * * *
The iguana closely misses you.
Unknown command.
You bludgeon the ogre!
The ogre is moderately wounded.
You constrict the iguana. The iguana bites you.
* * * LOW HITPOINT WARNING * * *
You bludgeon the ogre! You squeeze the ogre.
The ogre is almost dead.
You constrict the iguana. The ogre misses you. The iguana barely misses you.
You barely miss the ogre.
The ogre is almost dead.
You constrict the iguana. The ogre misses you. The iguana bites you.
You die...

....#...............#
....#...............#
....#...............#
....######'##########
###.........#......#
#.........#......#
..#.........#......##
..#....)....+...lO..#
..#..>......#...@...#
..#.........####'####
..#.................#
..#.................#
..##'#######........#
...........#........#
#'##.......#........#
..##.......#........#
...........#........#


You could see an ogre and an iguana.

Vanquished Creatures
  4 adders
  2 dart slugs
  3 orcs
  9 ball pythons
  5 endoplasms
  8 giant cockroaches
  6 goblins
  8 hobgoblins
  4 jackals (D:3)
  5 quokkas
  4 bats
  4 frilled lizards
  10 kobolds
  5 rats
77 creatures vanquished.

Notes
Turn   | Place    | Note
-------+----------+-------------------------------------------
     0 | D:1      | monsoonserge the Octopode Fighter began the quest for the
                  | Orb.
     0 | D:1      | Reached XP level 1. HP: 16/16 MP: 1/1
    44 | D:1      | Reached XP level 2. HP: 7/21 MP: 2/2
   426 | D:1      | Reached XP level 3. HP: 25/26 MP: 3/3
   821 | D:2      | Found Akoibu Lieta's Armour Boutique.
   930 | D:2      | Reached XP level 4. HP: 27/31 MP: 4/4
  1087 | D:2      | Reached skill level 1 in Stealth
  1334 | D:3      | Found a large runed translucent door.
  1334 | D:3      | Found a large runed translucent door.
  1335 | D:3      | Noticed tymior's ghost (amateur KoEn)
  1354 | D:3      | Found a faded altar of an unknown god.
  1874 | D:3      | Reached XP level 5. HP: 30/36 MP: 5/5
  2234 | D:4      | Found Jettamy's Jewellery Emporium.
  2453 | D:4      | Noticed an ogre
  2460 | D:4      | Slain by an iguana

Illustrated notes

Levels and vault maps discovered:
D:1:      zelgadis_glass_arrival_small, layout_rooms
D:2:      layout_basic, serial_shops, shop, dk_vineyard_2
D:3:      minmay_chambers_of_threes, layout_basic, ebering_ghost_disaster_area,
          shapermc_ecumenical_altar_venn
D:4:      layout_gridville, nicolae_gozag_cash_rules_everything_around_me,
          serial_shops, shop

Skill      XL: |  1  2  3  4 |
---------------+-------------+-----
Unarmed Combat | 3 |  3.6
Stealth        | 1 |  1.7
Fighting       | |  3.3
Dodging        | |  3.7
Shields        | |  3.4

Action                     |  1- 3 |  4- 6 || total
---------------------------+-------+-------++-------
  Melee: Unarmed           |    85 |    78 ||   163
         Constrict         |    24 |    20 ||    44
         Tentacles         |    11 |    19 ||    30
         Punch             |     1 |     2 ||     3
    Use: Potion            |       |     1 ||     1
   Stab: Sleeping          |     2 |    12 ||    14
 Armour: Skin              |    38 |    26 ||    64
  Dodge: Dodged            |    39 |    44 ||    83
  Block: Buckler           |    19 |     5 ||    24
